 Dungeon Crawl Stone Soup version 0.18.1-48-g4cf74bf (webtiles) character file.

6981 NudeDude the Nimble (level 11, -2/69 HPs)
             Began as a Halfling Assassin on Aug 1, 2016.
             Was a Believer of Okawaru.
             Slain by a killer bee (6 damage)
             ... while paralysed
             ... on level 10 of the Dungeon.
             The game lasted 00:51:29 (9442 turns).

NudeDude the Nimble (Halfling Assassin)             Turns: 9442, Time: 00:51:30

Health: -2/69      AC: 15    Str: 12    XL:     11   Next: 28%
Magic:  14/14      EV:  3    Int: 10    God:    Okawaru [**....]
Gold:   633        SH:  0    Dex: 19    Spells: 0 memorised, 10 levels left

rFire  + . .     SeeInvis .     O - +0 falchion (elec)
rCold  . . .     Gourm    .     p - +1 ring mail {rN+}
rNeg   + . .     Faith    .     (shield restricted)
rPois  .         Spirit   .     (no helmet)
rElec  .         Dismiss  .     d - +0 cloak
rCorr  .         Reflect  .     T - +2 pair of gloves
SustAt .         Harm     .     z - +2 pair of boots
MR     +....                    L - amulet of rage
Stlth  ++++......               t - ring of protection from magic
                                c - ring of protection from fire

@: paralysed, lethally poisoned (-2 -> -17), exhausted, slowed, somewhat
resistant to hostile enchantments, stealthy
A: mutation resistance 1
a: Heroism, Renounce Religion, Evoke Berserk Rage


You were on level 10 of the Dungeon.
You worshipped Okawaru.
Okawaru was pleased with you.
You were hungry.

You visited 2 branches of the dungeon, and saw 11 of its levels.
You also visited: Ossuary.

You collected 657 gold pieces.
You spent 24 gold pieces at shops.

Inventory:

Hand Weapons
 a - a +2 dagger
 b - a +0 blowgun
 A - a +0 long sword
 K - a +0 rapier
 O - a +0 falchion of electrocution (weapon)
Missiles
 e - 65 poisoned needles
 w - 23 sling bullets
 I - a curare-tipped needle
 M - a throwing net (quivered)
Armour
 d - a +0 cloak (worn)
 p - a +1 ring mail of positive energy (worn)
 z - a +2 pair of boots (worn)
 T - a +2 pair of gloves (worn)
Jewellery
 c - a ring of protection from fire (left hand)
 t - a ring of protection from magic (right hand)
 F - a +4 ring of intelligence
 G - an uncursed ring of magical power
 L - an amulet of rage (around neck)
Wands
 l - a wand of lightning (15/15)
 V - a wand of slowing (27/48)
 W - a wand of confusion (24/48)
Scrolls
 i - a scroll of blinking
 j - 4 scrolls of teleportation
 k - 3 scrolls of noise {unknown}
 m - a scroll of summoning {unknown}
 q - 2 scrolls of enchant weapon {unknown}
 y - 5 scrolls of fog
 B - 3 scrolls of immolation {unknown}
 C - 5 scrolls of remove curse
 E - 4 scrolls of amnesia
 N - a scroll of fear {unknown}
 R - 4 scrolls of magic mapping
Potions
 h - a potion of invisibility {unknown}
 o - a potion of magic {unknown}
 r - a potion of resistance {unknown}
 s - 2 potions of curing
 u - a potion of cancellation {unknown}
 v - 2 potions of haste
 x - a potion of heal wounds {unknown}
 J - a potion of might {unknown}
 P - a potion of agility {unknown}
 Q - 3 potions of lignification
 S - a potion of beneficial mutation {unknown}
 Y - 2 potions of degeneration {unknown}
 Z - a potion of brilliance {unknown}
Books
 X - a book of Minor Magic

   Spells                             Type                      Level
   a - Magic Dart                     Conjuration                  1
   b - Blink                          Translocation                2
   c - Call Imp                       Summoning                    2
   d - Repel Missiles                 Charms/Air                   2
   e - Slow                           Hexes                        2
   f - Conjure Flame                  Conjuration/Fire             3
   g - Mephitic Cloud                 Conjuration/Poison/Air       3
Comestibles
 g - 11 bread rations
 n - 5 meat rations
 D - 9 fruits
 H - 4 beef jerkies
 U - a slice of pizza


   Skills:
 - Level 4.1 Fighting
 - Level 8.0(9.8) Short Blades
 * Level 6.9(8.0) Long Blades
 - Level 2.1 Throwing
 + Level 6.7 Armour
 + Level 9.6 Dodging
 + Level 9.1 Stealth
 - Level 0.4 Unarmed Combat
 - Level 4.2 Evocations


You had 10 spell levels left.
You didn't know any spells.

Dungeon Overview and Level Annotations

Branches:
Dungeon (10/15)            Temple (1/1) D:4
   Lair: D:8-11         Orc: D:9-12

Altars:
Ashenzari
Cheibriados
Dithmenos
Elyvilon
Fedhas
Gozag
Makhleb
Nemelex Xobeh
Okawaru
Pakellas
Qazlal
Ru
Sif Muna
Trog
Vehumet
Xom
Yredelemnul
Zin
The Shining One

Shops:
D:4 ?   D:7 **%

Portals:
Trove: D:10 (give wand of heal wounds (9))

Annotations:
D:5 CountDeLaPain's ghost, novice MiFi


Innate Abilities, Weirdness & Mutations

You are small and have problems with some larger weapons.
You are somewhat resistant to further mutation.


Message History

You miss the killer bee.
You are no longer berserk.
You pass out from exhaustion.
You feel yourself slow down.
You are feeling hungry.
You feel sick. The killer bee stings you. x2
The killer bee stings you but does no damage. x2
You feel sick. The killer bee barely misses you.
The killer bee stings you but does no damage. x3
The killer bee stings you.
You are more poisoned.
The killer bee poisons you! The killer bee stings you.
* * * LOW HITPOINT WARNING * * *
You feel sick. The killer bee stings you.
* * * LOW HITPOINT WARNING * * *
The killer bee stings you but does no damage. x2
The killer bee stings you!
* * * LOW HITPOINT WARNING * * *
The killer bee stings you.
You die...

..............#.......
##########....#......
.........#....#.....
.........#....#....
.........#....#...
.........#.####..########
.........#.#....y#......+.......
.........#.###.yy#......#........
###'##+###...#.y@#......#........
.............#...#......#........
.............#...#.....<#........
..>..........#...#......#........
.............#...#####'##........
..........####...................
..........#......................
#######...#..#####.###'###.......
......#####..# #†#.....#.......


You could see 4 killer bees.

Vanquished Creatures
  Sonja (D:10)
  Pikel (D:6)
  A troll (D:10)
  A two-headed ogre (D:9)
  Prince Ribbit (D:9)
  A spriggan (D:7)
  A vampire (D:10)
  4 yaks (D:10)
  Eustachio (D:6)
  Grum (D:8)
  Edmund (D:6)
  A water moccasin (D:6)
  2 orc warriors
  A sky beast (D:8)
  2 phantoms
  A black bear (D:7)
  A necrophage (D:7)
  2 ice beasts
  2 slaves (D:6)
  2 ogres
  3 wolves (D:8)
  4 centaurs
  2 big kobolds (D:9)
  Blork the orc (D:5)
  2 giant frogs (D:7)
  A wyvern zombie (D:7)
  4 scorpions
  A water moccasin skeleton (D:10)
  8 killer bees
  A giant frog zombie (D:9)
  2 jellies
  3 hounds
  3 giant frog skeletons
  3 orc priests
  Ijyb (D:3)
  5 iguanas
  6 worker ants
  Natasha (twice) (D:3)
  9 orc wizards
  3 big kobold zombies (Ossuary)
  A hound skeleton (D:9)
  4 mummies (Ossuary)
  11 adders
  3 gnolls (D:3)
  2 shadow imps
  2 adder zombies
  2 adder skeletons
  A worm (D:2)
  2 dart slugs
  4 giant geckos
  49 orcs
  A ball python (D:4)
  5 giant cockroaches
  6 goblins
  8 hobgoblins
  2 jackals
  16 kobolds
  3 quokkas
  5 bats
  4 giant newts
  3 gnoll zombies (Ossuary)
  A hobgoblin zombie (Ossuary)
  A jackal zombie (Ossuary)
  A kobold zombie (Ossuary)
  An orc zombie (Ossuary)
  5 rats
  2 rat zombies (Ossuary)
237 creatures vanquished.

Notes
Turn   | Place    | Note
--------------------------------------------------------------
     0 | D:1      | NudeDude the Halfling Assassin began the quest for the Orb.
     0 | D:1      | Reached XP level 1. HP: 14/14 MP: 1/1
    78 | D:1      | Reached XP level 2. HP: 16/19 MP: 2/2
   179 | D:1      | Found a shimmering altar of Xom.
   230 | D:1      | You fall through a shaft!
   620 | D:2      | Reached skill level 5 in Stealth
   620 | D:2      | Reached XP level 3. HP: 22/24 MP: 3/3
   881 | D:2      | Found a glowing golden altar of the Shining One.
   976 | D:2      | Found a burning altar of Makhleb.
  1050 | D:2      | Reached XP level 4. HP: 14/29 MP: 4/4
  1598 | D:3      | Found an oddly glowing altar of Pakellas.
  1640 | D:4      | Found Atistuga's Magic Scroll Emporium.
  1680 | D:3      | Noticed Natasha
  1680 | D:3      | Noticed Ijyb
  1974 | D:3      | Killed Ijyb
  1980 | D:3      | Reached XP level 5. HP: 23/34 MP: 5/5
  2040 | D:3      | Reached skill level 1 in Armour
  2159 | D:4      | Bought a scroll of identify for 24 gold pieces
  2243 | D:4      | Noticed an ogre
  2264 | D:4      | Killed an ogre
  2264 | D:4      | Reached skill level 5 in Short Blades
  2264 | D:4      | Reached XP level 6. HP: 36/41 MP: 6/6
  2321 | D:4      | Found a staircase to the Ecumenical Temple.
  2384 | Temple   | Entered the Ecumenical Temple
  2633 | D:4      | Found a shimmering altar of Xom.
  2804 | D:3      | Reached XP level 7. HP: 45/45 MP: 7/7
  2860 | D:3      | Killed Natasha
  2923 | D:3      | Noticed Natasha
  3423 | D:3      | Killed Natasha
  3450 | D:5      | Entered Level 5 of the Dungeon
  3555 | D:5      | Noticed CountDeLaPain's ghost (novice MiFi)
  3668 | D:5      | Found an opulent altar of Gozag.
  3798 | D:5      | Found a sand-covered staircase.
  3803 | Ossuary  | Entered an ossuary
  4040 | Ossuary  | Reached XP level 8. HP: 28/51 MP: 8/8
  4338 | D:5      | Reached skill level 5 in Dodging
  4370 | D:5      | Noticed Blork the orc
  4513 | D:5      | Killed Blork the orc
  4691 | D:6      | Noticed Edmund
  4703 | D:6      | Killed Edmund
  4713 | D:6      | Found a burning altar of Makhleb.
  5054 | D:6      | Found a stormy altar of Qazlal.
  5125 | D:6      | Reached skill level 1 in Evocations
  5125 | D:6      | Reached XP level 9. HP: 58/58 MP: 9/9
  5312 | D:6      | Noticed Eustachio
  5438 | D:7      | Found Naemibeneang's General Store.
  5544 | D:6      | Killed Eustachio
  5694 | D:6      | Noticed Pikel
  5745 | D:6      | Killed Pikel
  6069 | D:7      | Found Surah's Food Emporium.
  6261 | D:7      | Reached skill level 1 in Long Blades
  6278 | D:7      | Found Ruleb's Assorted Antiques.
  6363 | D:7      | Found a sacrificial altar of Ru.
  6482 | D:7      | Reached XP level 10. HP: 60/63 MP: 13/13
  6539 | D:7      | Found a snail-covered altar of Cheibriados.
  6766 | D:7      | Reached skill level 5 in Armour
  7169 | D:9      | Found a shattered altar of Ashenzari.
  7383 | D:8      | Noticed Grum
  7535 | D:8      | Killed Grum
  8044 | D:9      | Noticed Prince Ribbit
  8177 | D:9      | Killed Prince Ribbit
  8177 | D:9      | Reached skill level 5 in Long Blades
  8215 | D:9      | Found an iron altar of Okawaru.
  8229 | D:9      | Became a worshipper of Warmaster Okawaru
  8303 | D:9      | Found a glowing silver altar of Zin.
  8328 | D:9      | Found a shadowy altar of Dithmenos.
  8620 | D:10     | Entered Level 10 of the Dungeon
  8732 | D:10     | Found a portal to a secret trove of treasure.
  9155 | D:10     | Reached * piety under Okawaru
  9155 | D:10     | Reached XP level 11. HP: 69/69 MP: 14/14
  9303 | D:10     | Noticed Sonja
  9404 | D:10     | Killed Sonja
  9433 | D:10     | Reached ** piety under Okawaru
  9442 | D:10     | Slain by a killer bee

Skill      XL: |  1  2  3  4  5  6  7  8  9 10 11 |
---------------+----------------------------------+-----
Short Blades   | 3 4 5 6 7 8 |  8.0
Stealth        | 5 6 8 9 |  9.1
Fighting       | 2 4 |  4.1
Dodging        | 2 3 4 6 8 9 |  9.6
Armour         | 1 3 4 6 |  6.7
Evocations     | 1 4 |  4.2
Long Blades    | 2 6 |  6.9
Throwing       | |  2.1
Unarmed Combat | |  0.4

Action                   |  1- 3 |  4- 6 |  7- 9 | 10-12 || total
-------------------------+-------+-------+-------+-------++-------
Melee: Dagger            |    68 |   117 |   108 |    57 ||   350
       Punch             |       |     1 |     1 |       ||     2
       Rapier            |       |       |   531 |       ||   531
       Long sword        |       |       |   112 |   206 ||   318
       Falchion          |       |       |       |   131 ||   131
 Fire: Blowgun           |       |    22 |    25 |    44 ||    91
Throw: Tomahawk          |       |       |     8 |       ||     8
Invok: Heroism           |       |       |       |     1 ||     1
 Abil: Evoke Berserk Rag |       |       |     7 |     5 ||    12
  Use: Scroll            |       |     2 |     7 |     7 ||    16
       Potion            |       |       |     2 |     1 ||     3
 Stab: Sleeping          |    12 |    10 |    14 |    17 ||    53
       Distracted        |     1 |     2 |     1 |       ||     4
  Eat: Chunk             |       |     6 |    16 |    12 ||    34
       Pizza             |       |       |     1 |     1 ||     2
Armor: Robe              |     9 |       |       |       ||     9
       Leather armour    |       |    17 |   100 |       ||   117
       Ring mail         |       |       |    33 |   118 ||   151
Dodge: Dodged            |    29 |    47 |   511 |   428 ||  1015
